 Dungeon Crawl Stone Soup version 0.32-a0-612-g1c984fe9d1 (webtiles) character file.

Game seed: 14211944393038745110

699 dialectric the Shooter (level 7, 0/54 HPs)
             Began as a Coglin Hunter on Mar 4, 2024.
             Killed by nerve-wracking pain
             ... invoked by a shadow imp
              (10 damage)
             ... on level 4 of the Dungeon.
             The game lasted 00:03:43 (2979 turns).

dialectric the Shooter (Coglin Hunter)              Turns: 2979, Time: 00:03:44

Health: 0/54       AC:  4    Str: 11    XL:     7   Next: 65%
Magic:  7/7        EV: 13    Int:  8    God:
Gold:   165        SH:  0    Dex: 20    Spells: 6/6 levels left

rFire   . . .        a - +2 sling {Matia}
rCold   . . .        d - +0 sling {Izel}
rNeg    . . .        c - +0 leather armour
rPois   .            (no helmet)
rElec   .            q - +0 cloak
rCorr   .            (no gloves)
SInv    .            (no boots)
Will    .....        (amulet unavailable)
Stlth   ++           (ring unavailable)
HPRegen 0.29/turn    (ring unavailable)
MPRegen 0.10/turn    (no gizmo)

%: no passive effects
@: revved
A: off-hand wielding, slow wielding, warmup strikes, no jewellery
a: Invent Gizmo


You were on level 4 of the Dungeon.
You visited 1 branch of the dungeon, and saw 4 of its levels.

You collected 165 gold pieces.

Inventory:

Hand Weapons
 a - a +2 sling (weapon) {Matia}
 d - a +0 sling (offhand) {Izel}
Armour
 c - a +0 leather armour (worn)
 q - a +0 cloak (worn)
Magical Staves
 l - a staff of air
Wands
 j - a wand of flame (23)
Scrolls
 b - a scroll of butterflies
 h - a scroll of revelation {unknown}
 i - a scroll of poison {unknown}
 m - a scroll of brand weapon {unknown}
 n - a scroll of fog
 p - a scroll of noise {unknown}
Potions
 e - a potion of brilliance {unknown}
 f - a potion of haste
 g - a potion of curing
 k - a potion of mutation {unknown}
 o - a potion of cancellation {unknown}


   Skills:
 + Level 4.1 Fighting
 * Level 5.9 Ranged Weapons
 + Level 3.7 Dodging
 + Level 3.2 Stealth


You had 6 spell levels left.
You didn't know any spells.
Your spell library contained the following spells:

 Spells                   Type           Power      Damage    Failure   Level
 Magic Dart               Conj           0%         1d3       50%         1
 Blink                    Tloc           0%         N/A       65%         2
 Call Imp                 Summ           0%         N/A       65%         2


Dungeon Overview and Level Annotations

Branches:
Dungeon (4/15)
 Temple: D:4-7

Altars:
Ashenzari
Xom

Shops:
D:2 =

Annotations:
D:3 1 runed translucent door, Crazy Yiuf
D:4 Menkaure


Innate Abilities, Weirdness & Mutations

You can wield a second weapon in your off-hand.
It takes a long time for you to wield or remove held weapons.
Your first few attacks do less damage.
You cannot equip rings or amulets.


Message History

Your Fighting skill increases to level 4!
Unknown command.
Fire: a) +2 sling {Matia}
Press: ? - help, Shift-Dir - straight line, f - orc
Aim: an orc, wielding a +0 club (66% to hit)
You shoot a sling bullet. The sling bullet hits the orc!
You kill the orc!
You shoot a sling bullet.
Unknown command.
Unknown command.
Fire: a) +2 sling {Matia}
Press: ? - help, Shift-Dir - straight line, f - shadow imp
Aim: a shadow imp (63% to hit)
You shoot a sling bullet. The sling bullet hits the shadow imp!
The shadow imp is heavily wounded.
You shoot a sling bullet.
The sling bullet barely misses the shadow imp.
The shadow imp gestures at you. Pain shoots through your body!
* * * LOW HITPOINT WARNING * * *
Fire: a) +2 sling {Matia}
Press: ? - help, Shift-Dir - straight line, f/p - shadow imp
Aim: a shadow imp (heavily wounded, 63% to hit)
You shoot a sling bullet.
The sling bullet closely misses the shadow imp.
You shoot a sling bullet.
The sling bullet barely misses the shadow imp.
Fire: a) +2 sling {Matia}
Press: ? - help, Shift-Dir - straight line, f/p - shadow imp
Aim: a shadow imp (heavily wounded, 63% to hit)
You shoot a sling bullet. The sling bullet hits the shadow imp.
The shadow imp is severely wounded.
You shoot a sling bullet.
The sling bullet hits the shadow imp but does no damage.
The shadow imp is severely wounded.
The shadow imp barely misses you.
You feel better. The shadow imp gestures at you. Pain shoots through your body!
You die...

#.........##.# ...
########..##.# ...#
...##.# ... #####.##.#
#.. #........### ..
#.##.#.....# #.
#......###.#
#.##.#5#######.######.#
.$.....@......>.......#
..#.###################


You could see a shadow imp.

Vanquished Creatures
  Grinder (D:3)
  Sigmund (D:3)
  Edmund (D:4)
  2 orc priests
  Jessica (D:3)
  5 adders
  3 gnolls (D:3)
  A dart slug (D:2)
  A ribbon worm (D:2)
  9 orcs
  5 endoplasms
  4 giant cockroaches
  6 goblins
  5 hobgoblins
  2 jackals (D:2)
  2 quokkas
  A ball python (D:1)
  4 bats
  3 frilled lizards
  5 kobolds
  8 rats
70 creatures vanquished.

Notes
Turn   | Place    | Note
-------+----------+-------------------------------------------
     0 | D:1      | dialectric the Coglin Hunter began the quest for the Orb.
     0 | D:1      | Reached XP level 1. HP: 16/16 MP: 1/1
    72 | D:1      | Reached skill level 1 in Stealth
    99 | D:1      | Reached XP level 2. HP: 22/22 MP: 2/2
   714 | D:2      | Reached skill level 4 in Ranged Weapons
   714 | D:2      | Reached XP level 3. HP: 28/28 MP: 3/3
   920 | D:2      | Found a shimmering altar of Xom.
   921 | D:2      | You fall into a shaft and drop 1 floor!
  1257 | D:2      | Found Xurouren's Jewellery Boutique.
  1302 | D:2      | Reached XP level 4. HP: 28/34 MP: 4/4
  1766 | D:3      | Noticed Jessica
  1770 | D:3      | Killed Jessica
  1811 | D:3      | Noticed Grinder
  1812 | D:3      | Paralysed by Grinder for 2 turns
  1819 | D:3      | Paralysed by Grinder for 3 turns
  1822 | D:3      | Killed Grinder
  1823 | D:3      | Reached skill level 5 in Ranged Weapons
  1823 | D:3      | Reached XP level 5. HP: 28/41 MP: 5/5
  1823 | D:3      | Reached XP level 6. HP: 32/47 MP: 6/6
  1950 | D:3      | Noticed Sigmund
  1954 | D:3      | Killed Sigmund
  1955 | D:3      | Reached XP level 7. HP: 46/53 MP: 7/7
  2010 | D:3      | Found a broken altar of Ashenzari.
  2014 | D:3      | Saw a vision of the Shoals and the Spider Nest.
  2014 | D:3      | Noticed a tarantella
  2014 | D:3      | Noticed a moth of wrath
  2014 | D:3      | Noticed a redback
  2014 | D:3      | Noticed a culicivora
  2014 | D:3      | Noticed a meliai
  2014 | D:3      | Noticed a demonic crawler
  2014 | D:3      | Noticed a boulder beetle
  2014 | D:3      | Noticed a jumping spider
  2014 | D:3      | Noticed a merfolk avatar
  2014 | D:3      | Noticed a sea snake
  2014 | D:3      | Noticed an alligator snapping turtle
  2014 | D:3      | Noticed a merfolk impaler
  2015 | D:3      | Noticed a moth of wrath
  2015 | D:3      | Noticed a broodmother
  2016 | D:3      | Noticed a redback
  2017 | D:3      | Noticed a redback
  2017 | D:3      | Noticed a tarantella
  2017 | D:3      | Noticed a redback
  2019 | D:3      | Noticed a culicivora
  2021 | D:3      | Noticed a tarantella
  2277 | D:3      | Found a runed translucent door.
  2278 | D:3      | Noticed Crazy Yiuf
  2391 | D:3      | Found a faded altar of an unknown god.
  2674 | D:4      | Noticed Menkaure
  2962 | D:4      | Noticed Edmund
  2974 | D:4      | Killed Edmund
  2979 | D:4      | Killed from afar by a shadow imp

Illustrated notes

Levels and vault maps discovered:
D:1:      kennysheep_arrival_seaside, layout_loops_ring, nicolae_eternal_life
D:2:      wad_lake_hut, layout_loops_ring, basic_altar, serial_shops,
          nicolae_shop_back_alley_shop
D:3:      layout_basic, grunt_ashenzari_visionary
          [grunt_ashenzari_visionary_shoals, grunt_ashenzari_visionary_spider],
          hellmonk_ecumenical_altar_pennies_from_heaven, minmay_misc_feat_iff,
          nicolae_houndstooth_variations, uniq_jessica, uniq_crazy_yiuf_cottage,
          uniq_sigmund, uniq_grinder
D:4:      layout_basic, uniq_ijyb, uniq_blork_the_orc, uniq_edmund, uniq_robin,
          uniq_menkaure

Skill      XL: |  1  2  3  4  5  6  7 |
---------------+----------------------+-----
Stealth        | 1 2 3 |  3.2
Dodging        | 2 3 |  3.7
Ranged Weapons | 4 5 |  5.9
Fighting       | 3 4 |  4.1

Action                     |  1- 3 |  4- 6 |  7- 9 || total
---------------------------+-------+-------+-------++-------
   Fire: Sling             |   132 |    86 |   118 ||   336
  Evoke: Wand              |       |       |     6 ||     6
    Use: Scroll            |       |     1 |     1 ||     2
         Potion            |       |       |     3 ||     3
 Armour: Leather armour    |     3 |     5 |    22 ||    30
  Dodge: Dodged            |     8 |     9 |    20 ||    37

Table legend: (Time is in decaauts)
 A = Elapsed time spent in this place.
 B = Non-inter-level travel time spent in this place.
 C = Inter-level travel time spent in this place.
 D = Time resting spent in this place.
 E = Time spent auto-exploring this place.
 F = Levels seen in this place.
 G = Mean time per level.
                   A        B        C        D        E       F      G
               +--------+--------+--------+--------+--------+-----+--------+
         Total |   3031 |   2794 |    237 |     94 |   2251 |   4 |  757.8 |
       Dungeon |   3031 |   2794 |    237 |     94 |   2251 |   4 |  757.8 |
               +--------+--------+--------+--------+--------+-----+--------+

Top non-repeatable levels by time:
     D:3: 1187 daAuts
     D:2: 1021 daAuts
     D:1: 717 daAuts
     D:4: 105 daAuts
